← All builds
Front / Armada / Economy first / OBSERVED BUILD

Standard front

Armada Front build order · Supreme Isthmus

Standard economy-first Front play: Bot Lab and Vehicle Plant up immediately, units trickle to the coast and middle, with an Advanced Metal Extractor around 9:00 as the eco transition.

#eco · 1700 distinct matches · 248 players · 74% of Armada Front games · team won 61% of 1994 · Recently observed

HOW TO PLAY IT

Key timing: T2 constructor by 7:43

  1. Open mex and wind, drop Bot Lab and Vehicle Plant almost immediately.
  2. Pump Blitz, Rocketeer and Pawn to the coast to stop leaks first.
  3. Add Centurion and Janus once first units are moving up.
  4. Form units into a line pushing toward middle as numbers grow.
  5. Upgrade to Advanced Metal Extractor as the economy transition kicks in.

Phase by phase

TYPICAL OF ITS 1700 GAMES
  1. 1
  2. 2
  3. 3
PLAY THE OPENING

Follow the example game's first 6:00 step by step: what to build now, what comes next, and where it goes. At 1× it keeps pace with your own game.

  1. 1

    Up to the Bot Lab

    Economy
    • Metal Extractor2Mex
    Order
    1. Bot LabBot Lab after 2 mex, 1 winddone ~0:44, middle half 0:33–0:56

    Some games also: wind (48%) · Vehicle Plant (35%)

    By 0:28 in all: 2 mex

    The example game in this phase · 1 step
    1. Mex ×3
  2. 2

    Bot Lab to 5:00

    Economy
    • Metal Extractor4Mex
    • Wind Turbine3Wind
    Builders
    • Construction Bot1 Con bot
    Army
    • Sentry1 Sentry
    • Rocketeer6 Rocketeer

    Some games also: Lazarus (49%) · tick (46%) · centurion (40%) · con vehicle (32%) · janus (32%)

    By 5:00 in all: 6 mex · 6 wind

    The example game in this phase · 27 steps
    1. Vehicle PlantVehicle Plantdone 0:49 · typical 0:47
    2. RoverScout
    3. Wind
    4. RoverScout
    5. BlitzBlitz
    6. Wind ×2
    7. BlitzBlitz
    8. Construction VehicleCon vehicle ×2
    9. Mex
    10. WhistlerMissile truck
    11. Energy storage
    12. JanusJanus
    13. WhistlerMissile truck
    14. Wind
    15. Mex
    16. WhistlerMissile truck
    17. JanusJanus
    18. Mex
    19. SentrySentry
    20. WhistlerMissile truck ×2
    21. JanusJanus
    22. WhistlerMissile truck ×2
    23. Mex
    24. JanusJanus
    25. WhistlerMissile truck ×2
    26. JanusJanus
    27. WhistlerMissile truck
  3. 3

    5:00 to 10:00

    Economy
    • Metal Extractor1Mex
    • Wind Turbine14Wind
    Builders
    • Construction Turret2 Con turret
    Army
    • Sentry1 Sentry

    Some games also: rocketeer (45%) · energy storage (43%) · Lazarus (38%) · con bot (37%) · Radar Tower (36%)

    By 10:00 in all: 7 mex · 24 wind · 1 energy storage · 3 con turret

    The example game in this phase · 86 steps
    1. Con turret
    2. Construction VehicleCon vehicle
    3. Mex
    4. Construction VehicleCon vehicle
    5. BlitzBlitz
    6. Wind
    7. Construction VehicleCon vehicle
    8. Wind
    9. BlitzBlitz ×2
    10. Wind
    11. BlitzBlitz
    12. Wind
    13. Converter
    14. BlitzBlitz
    15. Wind
    16. BlitzBlitz
    17. Wind
    18. Converter
    19. BlitzBlitz ×2
    20. SentrySentry
    21. Wind
    22. Converter
    23. BlitzBlitz ×2
    24. Wind
    25. BlitzBlitz
    26. Wind
    27. Converter
    28. BlitzBlitz
    29. Wind
    30. BlitzBlitz
    31. Converter
    32. BlitzBlitz
    33. Wind
    34. BlitzBlitz
    35. Wind
    36. Converter
    37. BlitzBlitz
    38. SentrySentry
    39. BlitzBlitz
    40. Wind
    41. Converter
    42. BlitzBlitz
    43. Wind
    44. BlitzBlitz
    45. Converter
    46. BlitzBlitz
    47. Wind
    48. BlitzBlitz
    49. Wind
    50. Converter
    51. BlitzBlitz
    52. SentrySentry
    53. Wind
    54. BlitzBlitz ×2
    55. Wind
    56. BlitzBlitz
    57. Wind
    58. SentrySentry
    59. BlitzBlitz
    60. Wind
    61. BlitzBlitz ×2
    62. Wind
    63. BlitzBlitz
    64. SentrySentry
    65. Wind
    66. BlitzBlitz
    67. Advanced Metal ExtractorT2 mexdone 10:49 · typical 9:00
    68. BlitzBlitz
    69. Wind
    70. BlitzBlitz
    71. SentrySentry
    72. BlitzBlitz
    73. Wind
    74. BlitzBlitz
    75. Wind
    76. BlitzBlitz
    77. Mex
    78. BlitzBlitz
    79. Wind
    80. BlitzBlitz ×2
    81. Wind
    82. BlitzBlitz ×2
    83. Wind
    84. BlitzBlitz ×3
    85. Wind
    86. BlitzBlitz

Counts are medians over the build's games: half of them build more, half fewer. The example game is DrSmack's (31 OS, 04/10/2026); pick another.

Team trades

IN AT LEAST 30% OF ITS GAMES

You hand over

Nothing regular.

You get

  • Tidal Generator4 Tidal from Pondfirst at 0:17 · in 68% of games
  • Advanced Construction Bot1 T2 con bot from Geo or Techfirst at 7:24 · in 64% of games

How it plays out

Typical game of this build, running totals by minute

Metal produced

010k20k30k
0:005:0010:0015:00

metal

Enemy metal destroyed

05k10k
0:005:0010:0015:00

metal

Own metal lost

05k10k
0:005:0010:0015:00

metal

1994 games.

Show as table
ByMetal produced: This buildEnemy metal destroyed: This buildOwn metal lost: This build
1:0033300
2:008402131
3:001618135108
4:002700522333
5:0038471128787
6:00503519281428
7:00625027202303
8:00753535463173
9:00897343304071
10:001054250114810
11:001237555405548
12:001452859986409
13:001685964707001
14:001921771867827
15:002184978708694
WHAT THE NUMBERS SAY

Standard Front play wins more often than Suicide front and produces more metal by 15:00 while losing less of it.

  • + Metal produced reaches 22627 by 15:00, well above Suicide front's 20142.
  • + Own metal lost is 8944 by 15:00, lower than enemy metal destroyed ratio of Suicide front.
  • − First unit lost already at 1:43, showing exposure despite the safer position.
  • − Blitz dominates army share at 25%, leaving fewer Centurion for anti-swarm.
THE EXAMPLE YOU ARE READING

DrSmack

31.5 OS · 04/10/2026

Open source match ↗

5 received units · includes a constructor
55 metal received · 29089 energy received

Allied construction assistance is unknown. Timings are observations, not a promise of solo reproducibility.

Typical milestones

Bot Lab0:44Middle 50%: 0:33–0:56 · n=1332
Vehicle Plant0:47Middle 50%: 0:41–1:13 · n=1286
Advanced Metal Extractor9:00Middle 50%: 8:09–10:15 · n=1564

Played most by

haaven107games of this buildHummell107games of this buildLeohvm93games of this buildTheGeneraI75games of this buildXad69games of this build